 Dungeon Crawl Stone Soup version 0.26.0-45-g9c1d065592 (webtiles) character file.

Game seed: 1437909836267878907

35 H0rd4k the Insei (level 3, -8/23 HPs)
             Began as an Octopode Transmuter on Jan 28, 2021.
             Killed from afar by an orc wizard (10 damage)
             ... with a magic dart
             ... on level 2 of the Dungeon.
             The game lasted 00:00:54 (1615 turns).

H0rd4k the Insei (Octopode Transmuter)              Turns: 1615, Time: 00:00:54

Health: -8/23      AC:  1    Str: 10    XL:     3   Next: 33%
Magic:  6/6        EV: 13    Int: 15    God:
Gold:   84         SH:  0    Dex: 12    Spells: 5/6 levels left

rFire    . . .     SeeInvis .     - Unarmed
rCold    . . .     Faith    .   (no shield)
rNeg     . . .     Spirit   .   (helmet currently unavailable)
rPois    .         Reflect  .   (no amulet)
rElec    .         Harm     .   d - ring of willpower
rCorr    .         Rampage  .   (no ring)
Will     +....                  (no ring)
Stlth    +++.......             (no ring)
HPRegen  0.07/turn              (no ring)
MPRegen  0.10/turn              (no ring)
                                (no ring)
                                (no ring)

@: appendages (expiring)
A: almost no armour, stealthy swim, amphibious, 8 rings, constrict 8, tentacle
spike 3, camouflage 1, gelatinous body 1
a: End Transformation


You were on level 2 of the Dungeon.
One of your tentacles had a temporary spike.
You visited 1 branch of the dungeon, and saw 2 of its levels.

You collected 84 gold pieces.

Inventory:

Jewellery
 d - a ring of willpower (left tentacle)
Scrolls
 a - 3 scrolls of identify {unknown}
 b - a scroll of magic mapping {unknown}
 h - a scroll of fog {unknown}
Potions
 c - 2 potions of degeneration {unknown}
 e - 2 potions of curing {unknown}
 f - a potion of mutation {unknown}
 g - a potion of might {unknown}


   Skills:
 + Level 1.0 Fighting
 + Level 2.4 Dodging
 + Level 1.9 Stealth
 + Level 3.5 Unarmed Combat
 + Level 2.1 Spellcasting
 + Level 2.1 Transmutations


You had 5 spell levels left.
You knew the following spells:

 Your Spells              Type           Power        Failure   Level
a - Beastly Appendage     Tmut           14%          10%         1

Your spell library contained the following spells:

 Spells                   Type           Power        Failure   Level
 Wereblood                Tmut           7%           14%         2
 Spider Form              Tmut/Pois      2%           38%         3
 Ice Form                 Ice/Tmut       4%           80%         4
 Blade Hands              Tmut           3%           95%         5


Dungeon Overview and Level Annotations

Branches:
Dungeon (2/15)

Altars:
Cheibriados


Innate Abilities, Weirdness & Mutations

You cannot wear most types of armour.
You are very stealthy in the water. (Stealth+)
You are amphibious.
You can wear up to eight rings at the same time.
You can use your tentacles to constrict eight enemies at once.
Your skin changes colour to match your surroundings (Stealth+).
Your rubbery body absorbs attacks. (AC +1, EV +1)
One of your tentacles bears a large vicious spike.


Message History

The orc wizard gestures at you while chanting.
The magic dart hits you.
* * * LOW HITPOINT WARNING * * *
You tentacle-slap the orc wizard but do no damage.
The orc wizard is heavily wounded.
You constrict the orc wizard.
The orc wizard hits you with a +0 dagger.
* * * LOW HITPOINT WARNING * * *
You tentacle-slap the orc wizard.
You squeeze the orc wizard, but do no damage.
The orc wizard is almost dead.
You constrict the orc wizard.
The orc wizard gestures wildly while chanting.
The orc wizard blinks free!
You barely miss the orc wizard. Your grab misses the orc wizard.
Your squeeze misses the orc wizard.
The orc wizard is almost dead.
The orc wizard gestures at you while chanting.
The magic dart hits you!
You die...

###.......##......##
#.........###...###
#.##.#...## ##.##
#.#.### #.# ##.#.#
#.# #..#.# +# #
#.##.# #.#)##.#
#.o@...# ###...##
.....$. #....####
.....# #....##
#.#.## #.###


You could see an orc wizard.

Vanquished Creatures
  A worm (D:2)
  A leopard gecko (D:1)
  2 orcs (D:2)
  2 giant cockroaches (D:1)
  8 goblins
  A hobgoblin (D:1)
  A quokka (D:2)
  3 bats
  2 frilled lizards (D:2)
  3 kobolds
  2 rats
26 creatures vanquished.

Notes
Turn   | Place    | Note
-------+----------+-------------------------------------------
     0 | D:1      | H0rd4k the Octopode Transmuter began the quest for the Orb.
     0 | D:1      | Reached XP level 1. HP: 13/13 MP: 3/3
   336 | D:1      | Reached XP level 2. HP: 18/18 MP: 5/5
   393 | D:1      | Reached skill level 1 in Stealth
  1175 | D:2      | Found a snail-covered altar of Cheibriados.
  1223 | D:2      | Reached XP level 3. HP: 12/23 MP: 6/6
  1615 | D:2      | Killed from afar by an orc wizard

Illustrated notes

Levels and vault maps discovered:
D:1:      dpeg_arrival_arbitrary_c, layout_basic
D:2:      layout_loops_corners, overflow_temple_1_default

Skill      XL: |  1  2 |
---------------+-------+-----
Stealth        | 1 |  1.9
Fighting       | |  1.0
Dodging        | |  2.4
Unarmed Combat | |  3.5
Spellcasting   | |  2.1
Transmutations | |  2.1

Action                   || total
-------------------------++-------
Melee: Unarmed           ||    60
       Constrict         ||    15
       Tentacles         ||     9
       Punch             ||     2
       Kick              ||     4
 Cast: Beastly Appendage ||     1
 Stab: Sleeping          ||     7
Armor: Skin              ||     4
Dodge: Dodged            ||    20
